 Dungeon Crawl Stone Soup version 0.26-a0-966-gd078a86f14 (webtiles) character file.

Game seed: 10268324895921996986

23473 pkoi the Severer (level 12, -15/198 HPs)
             Began as a Minotaur Gladiator on Dec 2, 2020.
             Was a High Priest of Trog.
             Demolished by an ice devil (18 damage)
             ... summoned by an orc sorcerer
             ... on level 2 of the Orcish Mines on Dec 3, 2020.
             The game lasted 00:19:37 (10893 turns).

pkoi the Severer (Minotaur Gladiator)              Turns: 10893, Time: 00:19:38

Health: -15/198    AC: 22    Str: 25    XL:     12   Next: 72%
Magic:  11/11      EV: 13    Int:  5    God:    Trog [*****.]
Gold:   755        SH:  0    Dex: 16    Spells: 11/11 levels left

rFire    . . .     SeeInvis .   O - +3 battleaxe (vorpal)
rCold    . . .     Faith    .   (shield currently unavailable)
rNeg     . . .     Spirit   .   E - +8 chain mail "Nuahurij" {Dex+5 Slay-3}
rPois    .         Reflect  .   c - +0 hat
rElec    .         Harm     .   M - +1 cloak {MR+}
rCorr    +         Rampage  .   A - +1 pair of gloves
MR       +....                  r - +1 pair of boots
Stlth    ..........             q - amulet of regeneration
HPRegen  0.83/turn              v - ring of resist corrosion
MPRegen  0.12/turn              t - +4 ring of protection

@: berserking, corroded, heavily drained, very quick
A: retaliatory headbutt, horns 2, robust 2
a: Berserk, Trog's Hand, Brothers in Arms, Renounce Religion


You were on level 2 of the Orcish Mines.
You worshipped Trog.
Trog was extremely pleased with you.
You visited 3 branches of the dungeon, and saw 14 of its levels.
You also visited: Ossuary and Bailey.

You collected 1049 gold pieces.
You spent 294 gold pieces at shops.

Inventory:

Hand Weapons
 F - a +1 battleaxe
 I - the +7 war axe "Quto" {drain, *Slow rPois rN+}
   (You found it on level 7 of the Dungeon)

   A truly terrible weapon, it drains the life of those it strikes.
   It protects you from poison.
   It protects you from negative energy.
   It may slow you when you take damage.
 O - a +3 vorpal battleaxe (weapon)
Missiles
 d - 3 throwing nets (quivered)
 o - 20 poisoned darts
 y - 39 boomerangs
Armour
 c - a +0 hat (worn)
 j - a +3 ring mail
 r - a +1 pair of boots (worn)
 A - a +1 pair of gloves (worn)
 E - the +8 chain mail "Nuahurij" (worn) {Dex+5 Slay-3}
   (You bought it in a shop on level 6 of the Dungeon)

   It affects your dexterity (+5).
   It affects your accuracy and damage with ranged weapons and melee attacks
   (-3).
 M - a +1 cloak of magic resistance (worn)
Jewellery
 e - an uncursed ring of protection from fire
 q - an amulet of regeneration (around neck)
 t - a +4 ring of protection (right hand)
 v - a ring of resist corrosion (left hand)
 w - a cursed amulet of inaccuracy {unknown}
Wands
 D - a wand of disintegration (15)
 H - a wand of polymorph (15)
 K - a wand of flame (22)
 L - a wand of iceblast (14)
 N - a wand of acid (11)
Scrolls
 f - 3 scrolls of remove curse
 g - 6 scrolls of teleportation
 h - a scroll of fog
 k - 8 scrolls of identify
 l - 2 scrolls of enchant armour
 s - 3 scrolls of enchant weapon
 x - a scroll of magic mapping
 B - a scroll of blinking {unknown}
 J - 2 scrolls of fear
 P - a scroll of acquirement {unknown}
Potions
 b - 6 potions of lignification
 i - 8 potions of brilliance
 m - 5 potions of might
 n - a potion of haste
 p - 2 potions of magic
 u - 2 potions of mutation
 z - 8 potions of curing
 C - a potion of cancellation
 G - 5 potions of heal wounds
 Q - a potion of experience {unknown}
Miscellaneous
 R - a tin of tremorstones (2/2)


   Skills:
 + Level 11.2(9.2) Fighting
 + Level 16.3(14.1) Axes
 - Level 2.0(0.5) Throwing
 + Level 10.9(9.0) Armour
 + Level 9.5(7.6) Dodging
 + Level 5.0(3.4) Evocations


You had 11 spell levels left.
You didn't know any spells.
Your spell library contained the following spells:

 Spells                   Type           Power        Failure   Level
 Magic Dart               Conj           #...         95%         1
 Blink                    Tloc           N/A          99%         2
 Call Imp                 Summ           #.......     99%         2
 Slow                     Hex            #.......     99%         2
 Conjure Flame            Conj/Fire      #.......     100%        3
 Mephitic Cloud           Conj/Pois/Air  #.......     100%        3


Dungeon Overview and Level Annotations

Branches:
Dungeon (11/15)            Temple (0/1) D:7            Lair (1/6) D:10
    Orc (2/2) D:11        Ossuary (visited)          Bailey (visited)
    Elf: Orc:2

Altars:
Ashenzari
Cheibriados
Elyvilon
Gozag
Kikubaaqudgha
Sif Muna
Trog
Vehumet
Zin
The Shining One

Shops:
D:6 *   D:7 [   D:9 [   D:10 =(}!

Annotations:
D:2 Robin


Innate Abilities, Weirdness & Mutations

You reflexively headbutt those who attack you in melee.
You have a pair of horns on your head.
You are very robust. (+20% HP)


Message History

The ice devil hits you but does no damage.
The orc sorcerer hits you with a +4 dagger of speed.
* * * LOW HITPOINT WARNING * * *
The ice devil misses you.
You slash the orc sorcerer! Your headbutt misses the orc sorcerer.
The orc sorcerer is moderately wounded.
You hit the ice devil. The orc sorcerer barely misses you.
The ice devil closely misses you. You furiously retaliate!
You headbutt the ice devil, but do no damage.
You barely miss the orc sorcerer.
The orc sorcerer is moderately wounded.
You hit the ice devil.
The orc sorcerer hits you with a +4 dagger of speed.
* * * LOW HITPOINT WARNING * * *
You completely miss the orc sorcerer. You headbutt the orc sorcerer.
The orc sorcerer is heavily wounded.
You slash the ice devil! The ice devil hits you!
* * * LOW HITPOINT WARNING * * *
The ice devil freezes you!!
You die...

##..#.........).......
#...#.................
##...........))..#....
#.................#...
##........#........#
##.............#.##
#..............##
##....$.........##
#........4@.....#
#........<.o.......
##..#...........#..
#####.#.$.....#.#.
####.....#....
##.#.#..... ######.##.
##


You could see an ice devil (summoned) and an orc sorcerer.

Vanquished Creatures
  2 orc warlords
  A centaur warrior (D:11)
  3 death yaks (D:10)
  A queen ant (D:11)
  An unseen horror (D:11)
  3 orc knights (Bailey)
  Pikel (D:9)
  An ugly thing (D:11)
  A cyclops (D:11)
  Maurice (D:9)
  A yaktaur (D:11)
  A troll (D:10)
  Grinder (D:3)
  A wyvern (D:10)
  19 yaks
  2 wraiths
  A steam dragon (D:10)
  2 wargs (Orc:1)
  Menkaure (D:7)
  20 soldier ants (D:11)
  A water moccasin (D:7)
  An ice beast (D:9)
  24 orc warriors
  2 black bears
  A phantom (D:9)
  3 sky beasts
  2 eyes of draining
  9 ogres
  2 centaurs
  A lemure (D:9)
  An elf zombie (Ossuary)
  5 bullfrogs
  A wyvern skeleton (D:10)
  2 scorpions
  3 killer bees (D:9)
  9 wights
  3 howler monkeys
  3 centaur zombies
  A bullfrog zombie (D:8)
  4 jellies
  16 orc priests
  2 hounds
  2 bullfrog skeletons
  5 centaur skeletons
  Natasha (twice) (D:3)
  5 iguanas
  14 orc wizards
  Terence (D:2)
  23 worker ants
  A hound zombie (D:9)
  2 howler monkey zombies
  4 mummies
  A worker ant zombie (D:7)
  13 adders
  14 gnolls
  4 white imps
  3 ufetubi
  3 oozes
  3 adder zombies
  3 adder skeletons
  5 dart slugs
  5 leopard geckos
  88 orcs
  7 bats
  4 giant cockroaches
  38 goblins
  24 hobgoblins
  15 jackals
  3 quokkas
  3 ball pythons
  8 frilled lizards
  A giant cockroach zombie (D:5)
  2 goblin zombies (Ossuary)
  4 hobgoblin zombies (Ossuary)
  6 kobolds
  A kobold zombie (Ossuary)
  A leopard gecko skeleton (D:4)
  2 orc zombies (D:7)
  A quokka zombie (D:5)
  10 rats
491 creatures vanquished.

Notes
Turn   | Place    | Note
-------+----------+-------------------------------------------
     0 | D:1      | pkoi the Minotaur Gladiator began the quest for the Orb.
     0 | D:1      | Reached XP level 1. HP: 18/18 MP: 0/0
    46 | D:1      | Reached skill level 4 in Axes
    62 | D:1      | Reached XP level 2. HP: 25/25 MP: 1/1
   233 | D:1      | Reached skill level 5 in Axes
   282 | D:1      | Reached XP level 3. HP: 28/30 MP: 2/2
   876 | D:2      | Noticed Robin
  1063 | D:2      | Reached XP level 4. HP: 36/37 MP: 3/3
  1069 | D:2      | Reached skill level 6 in Axes
  1341 | D:2      | Noticed Terence
  1354 | D:2      | Killed Terence
  1709 | D:2      | Reached XP level 5. HP: 36/42 MP: 4/4
  1713 | D:2      | Reached skill level 7 in Axes
  2099 | D:3      | Noticed Natasha
  2108 | D:3      | Killed Natasha
  2122 | D:3      | Noticed Grinder
  2146 | D:3      | Killed Grinder
  2147 | D:3      | Reached skill level 9 in Axes
  2147 | D:3      | Reached XP level 6. HP: 33/50 MP: 5/5
  2473 | D:3      | Noticed Natasha
  2482 | D:3      | Killed Natasha
  2483 | D:3      | Reached XP level 7. HP: 56/56 MP: 6/6
  2743 | D:4      | Reached skill level 10 in Axes
  2935 | D:4      | Reached skill level 11 in Axes
  2977 | D:4      | Found a snail-covered altar of Cheibriados.
  3035 | D:4      | Reached XP level 8. HP: 62/62 MP: 7/7
  3099 | D:4      | Found an opulent altar of Gozag.
  3100 | D:4      | Found a glowing silver altar of Zin.
  3397 | D:5      | Entered Level 5 of the Dungeon
  3498 | D:5      | Reached skill level 12 in Axes
  4040 | D:5      | Found an ancient bone altar of Kikubaaqudgha.
  4313 | D:6      | Found Diebuiw's Assorted Antiques.
  4330 | D:6      | Bought a scorched chain mail for 294 gold pieces
  4346 | D:5      | Identified the +8 chain mail "Nuahurij" {Dex+5 Slay-3} (You
                  | bought it in a shop on level 6 of the Dungeon)
  4407 | D:6      | Reached skill level 13 in Axes
  4528 | D:6      | Found a shimmering blue altar of Sif Muna.
  4530 | D:6      | Found a glowing golden altar of the Shining One.
  4530 | D:6      | Found a radiant altar of Vehumet.
  4532 | D:6      | Found a bloodstained altar of Trog.
  4532 | D:6      | Found a white marble altar of Elyvilon.
  4545 | D:6      | Became a worshipper of Trog the Wrathful
  4644 | D:6      | Found a broken altar of Ashenzari.
  4768 | D:6      | Reached skill level 1 in Armour
  4805 | D:7      | Found Cisaf's Armour Boutique.
  4855 | D:7      | Reached XP level 9. HP: 64/71 MP: 8/8
  4956 | D:7      | Found a sand-covered staircase.
  4962 | Ossuary  | Entered an ossuary
  5313 | Ossuary  | Reached * piety under Trog
  5510 | D:7      | Found a staircase to the Ecumenical Temple.
  5559 | D:7      | Reached skill level 5 in Fighting
  5708 | D:7      | Noticed Menkaure
  5715 | D:7      | Killed Menkaure
  5918 | D:7      | Got a fading war axe
  5919 | D:7      | Identified the +7 war axe "Quto" {drain, *Slow rPois rN+}
                  | (You found it on level 7 of the Dungeon)
  6194 | D:8      | Reached skill level 14 in Axes
  6194 | D:8      | Reached skill level 5 in Armour
  6205 | D:8      | Reached ** piety under Trog
  6801 | D:9      | Noticed Maurice
  6874 | D:9      | Killed Maurice
  6875 | D:9      | Reached XP level 10. HP: 64/84 MP: 9/9
  6883 | D:9      | Upgraded the game from 0.26-a0-964-g69f9a3b9e2 to
                  | 0.26-a0-966-gd078a86f14
  6922 | D:9      | Found Ruots's Antique Armour Emporium.
  6996 | D:9      | Noticed Pikel
  7010 | D:9      | Killed Pikel
  7308 | D:10     | Entered Level 10 of the Dungeon
  7339 | D:10     | Reached skill level 5 in Dodging
  7468 | D:10     | Found Sohet's Jewellery Emporium.
  7538 | D:10     | Reached *** piety under Trog
  7561 | D:10     | Gained mutation: You are robust. (+10% HP) [potion of
                  | mutation]
  7561 | D:10     | Gained mutation: You are very robust. (+20% HP) [potion of
                  | mutation]
  7632 | D:10     | Found a staircase to the Lair.
  7632 | D:10     | Noticed a death yak
  7632 | D:10     | Noticed a death yak
  7632 | D:10     | Noticed a death yak
  7645 | D:10     | Killed a death yak
  7646 | D:10     | Killed a death yak
  7647 | D:10     | Reached skill level 15 in Axes
  7647 | D:10     | Reached XP level 11. HP: 114/114 MP: 10/10
  7651 | D:10     | Killed a death yak
  7670 | D:10     | Found Ulyor's Distillery.
  7756 | D:10     | Found Woif's Gadget Boutique.
  7796 | D:10     | Found Jocyug's Antique Weapon Shoppe.
  8267 | D:10     | Reached skill level 1 in Evocations
  8714 | D:11     | Found a flagged portal.
  8720 | D:11     | Reached **** piety under Trog
  8729 | D:11     | Killed an unseen horror
  8749 | Bailey   | Entered a bailey
  8987 | Bailey   | Noticed an orc knight
  9008 | Bailey   | Reached ***** piety under Trog
  9020 | Bailey   | Killed an orc knight
  9120 | Bailey   | Noticed an orc knight
  9120 | Bailey   | Noticed an orc warlord
  9161 | Bailey   | Killed an orc warlord
  9239 | Bailey   | Noticed an orc knight
  9246 | Bailey   | Killed an orc knight
  9247 | Bailey   | Reached skill level 10 in Fighting
  9261 | Bailey   | Killed an orc knight
  9261 | Bailey   | Received a gift from Trog
  9417 | D:11     | Reached XP level 12. HP: 127/127 MP: 11/11
  9490 | D:11     | Reached skill level 10 in Armour
  9506 | D:11     | Noticed a centaur warrior
  9528 | D:11     | Killed a centaur warrior
  9704 | D:11     | Reached skill level 16 in Axes
  9709 | D:11     | Found a staircase to the Orcish Mines.
  9736 | D:11     | Received a gift from Trog
  9795 | D:11     | Noticed a queen ant
  9814 | D:11     | Killed a queen ant
 10459 | Lair:1   | Entered Level 1 of the Lair of Beasts
 10546 | Orc:1    | Entered Level 1 of the Orcish Mines
 10546 | Orc:1    | Noticed an orc warlord
 10557 | D:11     | Killed an orc warlord
 10707 | Orc:1    | Reached skill level 5 in Evocations
 10817 | Orc:2    | Entered Level 2 of the Orcish Mines
 10893 | Orc:2    | HP: 3/198 [ice devil[an orc sorcerer] (8)]
 10893 | Orc:2    | Demolished by an ice devil

Illustrated notes

Levels and vault maps discovered:
D:1:      shiori_arrival_oz, layout_basic
D:2:      layout_basic, minmay_unequal, uniq_robin, uniq_terence
D:3:      layout_basic, minmay_misc_feat_tower, uniq_natasha, uniq_grinder
D:4:      cheibrodos_greedy_goblins, layout_cave_pools,
          grunt_temple_overflow_gold_and_silver, cheibriados_altar_1, hex_tiny
D:5:      layout_basic, kennysheep_mini, minmay_circle_x
D:6:      layout_basic, grunt_temple_overflow_open, serial_shops, shop_statue,
          evilmike_ruin_ashenzari
D:7:      layout_loops_ring, minmay_temple_entry_statues_pillars, serial_shops,
          shop, nicolae_ossuary_entry_giza, serial_bayou_lagoon_a, uniq_menkaure
D:8:      layout_gridville
D:9:      layout_basic, serial_shops, nicolae_shop_window_shopping,
          minmay_hedge_maze, st_stairs_2, uniq_maurice, uniq_pikel
D:10:     layout_layer_cave, dpeg_lair_monsters, serial_shops,
          nicolae_shop_statue_plus, shop, nicolae_shop_trees, shop
D:11:     minmay_diamond_stairs, layout_rooms, hiddenorc2_lemuel,
          enter_bailey_5, serial_aquarium, aquarium_bridge_long_separate
          [aquarium_subvault_wall, aquarium_subvault_wall,
          aquarium_subvault_bridge, aquarium_subvault_balcony,
          aquarium_subvault_bridge, aquarium_subvault_wall],
          aquarium_window_corridor_3, aquarium_window_fake, aquarium_window_2,
          aquarium_window_corner, aquarium_view_2a, aquarium_view_4,
          aquarium_pool_S, minivault_29
Lair:1:   cheibrodos_lair_river_kwai, layout_misc_corridors
Orc:1:    layout_caves, minmay_orc_treasury
Orc:2:    kennysheep_orc_mage_school, layout_caves, basic_altar, trog_book

Skill      XL: |  1  2  3  4  5  6  7  8  9 10 11 12 |
---------------+-------------------------------------+-----
Axes           | 4 5 6 9 11 13 14 15 16 | 16.3
Armour         | 2 6 8 9 10 | 10.9
Fighting       | 3 6 8 10 11 | 11.2
Dodging        | 4 6 8 9 |  9.5
Evocations     | 3 5 |  5.0
Throwing       | |  2.0

Action                   |  1- 3 |  4- 6 |  7- 9 | 10-12 || total
-------------------------+-------+-------+-------+-------++-------
Melee: War axe           |    88 |    82 |   253 |   303 ||   726
       Headbutt          |    14 |    11 |    69 |   138 ||   232
       Battleaxe         |       |       |   141 |   269 ||   410
Invok: Berserk           |       |       |       |     5 ||     5
  Use: Scroll            |       |       |    16 |     1 ||    17
       Potion            |       |       |       |    10 ||    10
Armor: Leather armour    |    17 |       |       |       ||    17
       Ring mail         |    21 |    27 |    54 |       ||   102
       Skin              |       |     1 |       |       ||     1
       Chain mail        |       |       |   127 |   238 ||   365
Dodge: Dodged            |    63 |    59 |   140 |   283 ||   545

Table legend: (Time is in decaauts)
 A = Elapsed time spent in this place.
 B = Non-inter-level travel time spent in this place.
 C = Inter-level travel time spent in this place.
 D = Time resting spent in this place.
 E = Time spent auto-exploring this place.
 F = Levels seen in this place.
 G = Mean time per level.
                   A        B        C        D        E       F      G
               +--------+--------+--------+--------+--------+-----+--------+
         Total |  10888 |  10356 |    532 |    743 |   6955 |  16 |  680.5 |
       Dungeon |   9601 |   9085 |    516 |    656 |   6334 |  11 |  872.8 |
          Lair |      1 |      0 |      1 |      0 |      0 |   1 |    1.0 |
  Orcish Mines |    289 |    275 |     14 |      0 |    171 |   2 |  144.5 |
       Ossuary |    410 |    410 |      0 |      0 |    285 |   1 |  410.0 |
        Bailey |    584 |    584 |      0 |     86 |    165 |   1 |  584.0 |
               +--------+--------+--------+--------+--------+-----+--------+

Top non-repeatable levels by time:
    D:10: 1464 daAuts
    D:11: 1206 daAuts
     D:2: 1113 daAuts
     D:7: 978 daAuts
     D:3: 858 daAuts
     D:1: 787 daAuts
     D:4: 785 daAuts
     D:9: 750 daAuts
     D:5: 724 daAuts
  Bailey: 584 daAuts
     D:6: 558 daAuts
 Ossuary: 410 daAuts
     D:8: 373 daAuts
   Orc:1: 216 daAuts
   Orc:2: 73 daAuts
